 Dungeon Crawl Stone Soup version 0.25-a0-458-g6fc7858b95 (webtiles) character file.

Game seed: 4650478287461136869, levelgen mode: deterministic

241 funkygono the Grave Robber (level 5, -1/37 HPs)
             Began as a Demonspawn Necromancer on Feb 1, 2020.
             Killed from afar by an orc wizard (5 damage)
             ... with a puff of frost
             ... on level 4 of the Dungeon.
             The game lasted 00:10:15 (2904 turns).

funkygono the Grave Robber (Demonspawn Necromancer) Turns: 2904, Time: 00:10:17

Health: -1/37      AC:  4    Str:  9    XL:     5   Next: 80%
Magic:  0/10       EV: 12    Int: 17    God:
Gold:   150        SH:  0    Dex: 13    Spells: 1/11 levels left

rFire    . . .     SeeInvis .   e - +1 dagger
rCold    + . .     Gourm    .   (no shield)
rNeg     . . .     Faith    .   d - +0 leather armour
rPois    .         Spirit   .   (helmet restricted)
rElec    .         Reflect  .   (no cloak)
rCorr    .         Harm     .   (no gloves)
MR       .....                  g - +0 pair of boots
Stlth    ++........             (no amulet)
HPRegen  0.12/turn              (no ring)
MPRegen  0.12/turn              (no ring)

@: very slightly contaminated
A: horns 1, cold resistance 1, powered by death 1, freezing cloud immunity
a: no special abilities


You were on level 4 of the Dungeon.
You were near starving.

You visited 1 branch of the dungeon, and saw 4 of its levels.

You collected 150 gold pieces.

Inventory:

Hand Weapons
 e - a +1 dagger (weapon)
Missiles
 b - 153 stones (quivered)
Armour
 a - a +0 robe
 d - a +0 leather armour (worn)
 g - a +0 pair of boots (worn)
 i - a cursed +1 ring mail
Wands
 l - a wand of paralysis (10)
 n - a wand of enslavement (7)
Scrolls
 f - a scroll of magic mapping
 k - a scroll of identify
 m - a scroll of fear {unknown}
 s - a scroll of remove curse
Potions
 h - 2 potions of lignification
 j - 2 potions of agility
 o - 2 potions of brilliance
 t - 2 potions of might
Comestibles
 c - 7 rations


   Skills:
 + Level 1.1 Fighting
 + Level 0.7 Armour
 + Level 1.9 Dodging
 + Level 1.8 Stealth
 + Level 3.8 Spellcasting
 + Level 6.2 Necromancy


You had one spell level left.
You knew the following spells:

 Your Spells              Type           Power        Failure   Level  Hunger
a - Pain                  Necr           ###.         1%          1    None
b - Animate Skeleton      Necr           N/A          1%          1    None
c - Vampiric Draining     Necr           ###.......   4%          3    ###....
d - Animate Dead          Necr           N/A          17%         4    ####...
e - Sandblast             Erth           #.....       22%         1    None

Your spell library contained the following spells:

 Spells                   Type           Power        Failure   Level  Hunger
 Passwall                 Tmut/Erth      #.......     32%         2    ##.....
 Agony                    Necr           ###.....     43%         5    ######.
 Confusing Touch          Hex            #.......     54%         3    ###....
 Gell's Gravitas          Tloc           #.........   54%         3    ###....
 Stone Arrow              Conj/Erth      #.....       54%         3    ###....
 Petrify                  Tmut/Erth      #.......     91%         4    ####...
 Lee's Rapid Deconstruct  Erth           #.........   99%         5    ######.
 Metabolic Englaciation   Hex/Ice        #.........   99%         5    ######.
 Yara's Violent Unravell  Hex/Tmut       #.........   99%         5    ######.


Dungeon Overview and Level Annotations

Branches:
Dungeon (4/15)
 Temple: D:4-7

Altars:
Gozag
Zin


Innate Abilities, Weirdness & Mutations

You have a pair of small horns on your head.
Your flesh is cold resistant. (rC+)
You regenerate a little health from kills.
You are immune to freezing clouds.


Message History

Aiming: Pain (safe; 1% risk of failure)
Press: ? - help, Shift-Dir - straight line, f/p - orc wizard
Aim: an orc wizard, wielding a +0 dagger and wearing a +0 robe (almost dead, chance to defeat MR: 83%)
The orc wizard writhes in agony.
You kill the orc wizard!
Casting: Pain (safe; 1% risk of failure)
Confirm with . or Enter, or press ? or * to list all spells.
You can't see any susceptible monsters within range! (Use Z to cast anyway.)
Casting: Pain (safe; 1% risk of failure)
Confirm with . or Enter, or press ? or * to list all spells.
Aiming: Pain (safe; 1% risk of failure)
Press: ? - help, Shift-Dir - straight line Something writhes in agony!
A magic dart appears from out of thin air!
The magic dart hits you.
* * * LOW HITPOINT WARNING * * *
You hear some strange, mumbled words.
A puff of frost appears from out of thin air!
The puff of frost hits you. You resist.
You die...

####################
....)[.%)@....[....#
##################.#
#.# ####### #.#
......# ##.#######
#.##..# #.........
### #.##..#
#[.####### ..
#.##..# #..# #)
#.##..# #.##


There were no monsters in sight!

Vanquished Creatures
  2 orc wizards
  Ijyb (D:3)
  Natasha (thrice) (D:2)
  An adder (D:2)
  An ooze (D:3)
  A worm (D:4)
  2 leopard geckos
  9 orcs
  A ball python (D:1)
  4 bats
  7 hobgoblins
  4 jackals (D:3)
  6 kobolds
  A quokka (D:3)
  2 frilled lizards (D:1)
  3 goblins (D:1)
  6 rats
54 creatures vanquished.

Vanquished Creatures (collateral kills)
  A leopard gecko (D:1)
  An orc (D:3)
  A bat (D:1)
3 creatures vanquished.

Grand Total: 57 creatures vanquished

Notes
Turn   | Place    | Note
-------+----------+-------------------------------------------
     0 | D:1      | funkygono the Demonspawn Necromancer began the quest for
                  | the Orb.
     0 | D:1      | Reached XP level 1. HP: 13/13 MP: 3/3
   553 | D:1      | Learned a level 1 spell: Animate Skeleton
   614 | D:1      | Gained mutation: Your flesh is cold resistant. (rC+)
                  | [demonic ancestry]
   614 | D:1      | Reached XP level 2. HP: 15/19 MP: 0/5
   721 | D:1      | Reached skill level 5 in Necromancy
  1055 | D:2      | Noticed Natasha
  1060 | D:2      | Killed Natasha
  1060 | D:2      | Gained mutation: You have a pair of small horns on your
                  | head. [demonic ancestry]
  1060 | D:2      | Reached XP level 3. HP: 14/25 MP: 0/6
  1223 | D:2      | Learned a level 3 spell: Vampiric Draining
  1317 | D:2      | Noticed Natasha
  1321 | D:2      | Killed Natasha
  1321 | D:2      | Gained mutation: You regenerate a little health from kills.
                  | [demonic ancestry]
  1321 | D:2      | Reached XP level 4. HP: 25/31 MP: 4/8
  1385 | D:2      | Noticed Natasha
  1405 | D:2      | Killed Natasha
  1835 | D:2      | Learned a level 4 spell: Animate Dead
  1855 | D:3      | Noticed Ijyb
  1862 | D:3      | Killed Ijyb
  1877 | D:3      | Gained mutation: You are immune to freezing clouds.
                  | [demonic ancestry]
  1877 | D:3      | Reached XP level 5. HP: 24/36 MP: 1/10
  1904 | D:3      | Reached skill level 1 in Fighting
  2116 | D:3      | Reached skill level 6 in Necromancy
  2344 | D:3      | Found a glowing silver altar of Zin.
  2498 | D:3      | Found an opulent altar of Gozag.
  2765 | D:4      | Learned a level 1 spell: Sandblast
  2904 | D:4      | Killed from afar by an orc wizard

Levels and vault maps discovered:
D:1:      dpeg_arrival_simpleton_a, layout_loops_ring
D:2:      layout_rooms, uniq_natasha
D:3:      layout_basic, lemuel_doored_altar,
          nicolae_gozag_cash_rules_everything_around_me, uniq_ijyb
D:4:      layout_loops_ring, serial_shops, shop, first_ration

Skill      XL: |  1  2  3  4  5 |
---------------+----------------+-----
Necromancy     | 5 6 |  6.2
Spellcasting   | 3 |  3.8
Fighting       | 1 |  1.1
Armour         | |  0.7
Dodging        | |  1.9
Stealth        | |  1.8

Action                   |  1- 3 |  4- 6 || total
-------------------------+-------+-------++-------
Melee: Unarmed           |     1 |       ||     1
       Dagger            |     9 |    52 ||    61
       Headbutt          |       |     7 ||     7
 Cast: Pain              |    40 |    60 ||   100
       Animate Skeleton  |     8 |    13 ||    21
       Animate Dead      |       |     4 ||     4
       Sandblast         |       |     3 ||     3
       Vampiric Draining |       |     1 ||     1
  Use: Scroll            |     4 |     8 ||    12
       Potion            |       |     1 ||     1
  Eat: Chunk             |     2 |     4 ||     6
Armor: Leather armour    |    11 |    15 ||    26
       Skin              |       |    15 ||    15
Dodge: Dodged            |    24 |    32 ||    56

Table legend:
 A = Non-vault XP
 B = Vault XP
 C = Vault XP percentage of total XP
 D = Non-vault monster count
 E = Vault monster count
 F = Vault count percentage of total count
                 A         B        C        D         E       F
            +---------+---------+-------+---------+---------+-------
      Total |     275 |      70 |  20.3 |      55 |       2 |   3.5
            +---------+---------+-------+---------+---------+-------
        D:1 |      29 |       0 |   0.0 |      17 |       0 |   0.0
        D:2 |      93 |      35 |  27.3 |       8 |       1 |  11.1
        D:3 |      99 |      35 |  26.1 |      26 |       1 |   3.7
        D:4 |      54 |       0 |   0.0 |       4 |       0 |   0.0
            +---------+---------+-------+---------+---------+-------
